 Dungeon Crawl Stone Soup version 0.19.3-1-g3169bf9 (webtiles) character file.

395 sveltemanboy the Destroyer (level 6, -2/34 HPs)
             Began as a Tengu Conjurer on Jan 25, 2017.
             Shot with an arrow by a centaur (11 damage)
             ... on level 5 of the Dungeon.
             The game lasted 00:11:40 (5227 turns).

sveltemanboy the Destroyer (Tengu Conjurer)         Turns: 5227, Time: 00:11:40

Health: -2/34      AC:  4    Str:  8    XL:     6   Next: 82%
Magic:  11/11      EV: 12    Int: 18    God:
Gold:   181        SH:  0    Dex: 14    Spells: 3 memorised, 4 levels left

rFire  . . .     SeeInvis .     (no weapon)
rCold  . . .     Gourm    .     a - +0 robe
rNeg   . . .     Faith    .     (no shield)
rPois  .         Spirit   .     p - +1 hat
rElec  .         Reflect  .     (no cloak)
rCorr  .         Harm     .     A - +0 pair of gloves
MR     .....                    (boots unavailable)
Stlth  ++........               q - amulet of regeneration
                                (no ring)
                                (no ring)

@: no status effects
A: beak, talons 3, able to fly 1
a: Fly


You were on level 5 of the Dungeon.
You were not hungry.

You visited 1 branch of the dungeon, and saw 5 of its levels.
You also visited: Sewer.

You collected 181 gold pieces.

Inventory:

Missiles
 j - a throwing net (quivered)
Armour
 a - a +0 robe (worn)
 p - a +1 hat (worn)
 s - a +0 buckler
 A - a +0 pair of gloves (worn)
Jewellery
 q - an amulet of regeneration (around neck)
 w - a +5 ring of slaying {unknown}
Scrolls
 g - 2 scrolls of teleportation {unknown}
 h - 2 scrolls of identify {unknown}
 t - a scroll of enchant weapon {unknown}
 u - 2 scrolls of remove curse
 v - a scroll of random uselessness {unknown}
 y - a scroll of magic mapping {unknown}
Potions
 d - a potion of resistance {unknown}
 e - a potion of beneficial mutation {unknown}
 f - a potion of cancellation {unknown}
 k - a potion of cure mutation {unknown}
 m - 4 potions of degeneration {unknown}
 o - 6 potions of curing {unknown}
 r - a potion of lignification {unknown}
 x - 5 potions of heal wounds {unknown}
 B - a potion of flight {unknown}
Books
 b - a book of Conjurations

   Spells                             Type                      Level
   a - Magic Dart                     Conjuration                  1
   b - Searing Ray                    Conjuration                  2
   c - Dazzling Spray                 Conjuration/Hexes            3
   d - Fulminant Prism                Conjuration/Hexes            4
   e - Iskenderun's Mystic Blast      Conjuration                  4
   f - Iskenderun's Battlesphere      Conjuration/Charms           5
Comestibles
 c - 6 bread rations
 i - a meat ration
 l - 4 fruits
 z - 6 chunks of flesh


   Skills:
 - Level 1.0 Fighting
 - Level 2.1 Dodging
 - Level 2.0 Stealth
 + Level 2.3 Shields
 - Level 3.0 Spellcasting
 * Level 9.0 Conjurations


You had 4 spell levels left.
You knew the following spells:

 Your Spells              Type           Power        Failure   Level  Hunger
a - Magic Dart            Conj           ####         1%          1    None
b - Searing Ray           Conj           #####.       1%          2    ##.....
c - Iskenderun's Mystic   Conj           #####...     4%          4    ####...


Dungeon Overview and Level Annotations

Branches:
Dungeon (5/15)
 Temple: D:4-7

Altars:
Gozag


Innate Abilities, Weirdness & Mutations

You have a beak for a mouth.
You have claws for feet.
You can fly.


Message History

The hound moves out of view.
Found a beef jerky.
A centaur comes into view.
The centaur shouts!
The centaur wields a shortbow.
The centaur shoots an arrow.
The arrow hits you!
You see here an arrow.
As you read the scroll of fog, it crumbles to dust.
The scroll dissolves into smoke.
The centaur shoots an arrow.
The arrow barely misses you.
Found a scroll labeled EHIEN KUDOASS.
A crimson imp comes into view.
The crimson imp shouts!
The centaur shoots an arrow.
The arrow barely misses you.
The crimson imp sputters.
The centaur shoots an arrow.
The arrow hits you!
The centaur shoots an arrow.
The arrow hits you!
* * * LOW HITPOINT WARNING * * *
You see here an arrow.
The centaur shoots an arrow.
The arrow hits you!
You die...

#...## #.........#..........c
###..#####..)......#........%..
##)<.....).......#...........
###.........................
#>......>.................
#####..............§......
####(.[#.....§.§......
##..#...§c§§§...##
#.@.....§§§§...#
###(...§§.§.§?.#
######...§...........
..................(##.
.....................
..###.(#..............
.5.##..........#... .5.#.
...........##.
..####.#..?.......


You could see a centaur.

Vanquished Creatures
  An ogre (D:4)
  A worker ant (D:4)
  4 gnolls (D:3)
  9 adders
  4 river rats (Sewer)
  An ooze (Sewer)
  2 adder zombies (D:5)
  A worm (D:2)
  2 leopard geckos
  5 orcs
  6 ball pythons
  8 bats
  6 giant cockroaches
  5 goblins
  7 hobgoblins
  2 jackals (D:1)
  19 kobolds
  2 quokkas
  3 frilled lizards
  A leopard gecko skeleton (D:5)
  28 rats
117 creatures vanquished.

Notes
Turn   | Place    | Note
-------+----------+-------------------------------------------
     0 | D:1      | sveltemanboy the Tengu Conjurer began the quest for the Orb.
     0 | D:1      | Reached XP level 1. HP: 10/10 MP: 4/4
   310 | D:1      | Reached XP level 2. HP: 15/15 MP: 3/6
   342 | D:1      | Learned a level 2 spell: Searing Ray
   894 | D:1      | Reached skill level 6 in Conjurations
   974 | D:1      | Reached XP level 3. HP: 12/19 MP: 2/7
  1759 | D:2      | Reached XP level 4. HP: 24/24 MP: 3/9
  1814 | D:2      | Learned a level 4 spell: Iskenderun's Mystic Blast
  2521 | D:3      | Reached skill level 7 in Conjurations
  2618 | D:3      | Gained mutation: You can fly. [Tengu growth]
  2618 | D:3      | Reached XP level 5. HP: 24/28 MP: 6/10
  3001 | D:3      | Reached skill level 1 in Fighting
  3529 | D:4      | Found an opulent altar of Gozag.
  3543 | D:4      | Noticed an ogre
  3554 | D:4      | Killed an ogre
  3554 | D:4      | Reached skill level 1 in Shields
  3554 | D:4      | Reached skill level 8 in Conjurations
  3554 | D:4      | Reached XP level 6. HP: 32/34 MP: 0/11
  3775 | D:4      | Found a glowing drain.
  3786 | Sewer    | Entered a sewer
  5018 | D:5      | Entered Level 5 of the Dungeon
  5191 | D:5      | Reached skill level 9 in Conjurations
  5227 | D:5      | Shot with an arrow by a centaur

Skill      XL: |  1  2  3  4  5  6 |
---------------+-------------------+-----
Conjurations   | 6 7 8 9 |  9.0
Spellcasting   | 3 |  3.0
Fighting       | 1 |  1.0
Shields        | 1 2 |  2.3
Dodging        | |  2.1
Stealth        | |  2.0

Action                   |  1- 3 |  4- 6 || total
-------------------------+-------+-------++-------
Melee: Unarmed           |     6 |    48 ||    54
       Kick              |     1 |    13 ||    14
       Peck              |     1 |     7 ||     8
 Cast: Magic Dart        |    46 |   100 ||   146
       Searing Ray       |     4 |    19 ||    23
       Iskenderun's Myst |       |     1 ||     1
  Use: Scroll            |       |     3 ||     3
 Stab: Sleeping          |       |     1 ||     1
  Eat: Chunk             |     3 |    12 ||    15
Armor: Robe              |     2 |    25 ||    27
Dodge: Dodged            |     4 |    59 ||    63
